[ AOE2 MATCH · #508041975 ]
UnrankedPortuguese vs Maya
Player's team · LOSS
Rival team · WIN
[ REPLAY ANALYSIS · EXTRACTED FROM THE RECORDED GAME ]
Feudal
8:47
Castle
19:48
Imperial
38:08
| APM avg | 71.3 |
| APM peak | 133 |
| eAPM avg | 37.3 |
| Villagers / military | 162 / 192 |
Focus
⚔️ 46.0% · 🌾 54.0%
Archer ×121 · Scout Cavalry ×54 · Militia ×5 · Bombard Cannon ×5 · Knight ×2 · Mangonel ×2
Feudal
11:21
Castle
20:26
Imperial
35:37
| APM avg | 55.7 |
| APM peak | 78 |
| eAPM avg | 30.6 |
| Villagers / military | 169 / 232 |
Focus
⚔️ 43.2% · 🌾 56.8%
Archer ×102 · Skirmisher ×51 · Eagle Scout ×35 · Plumed Archer ×17 · Mangonel ×9 · Monk ×5
Match map
Initial resources + every placement click. Lines = walls · curves = elevation contours. ◆ gold · ⬟ stone · ● berries · ✦ relic · ◌ wall gap
Your base· ✓ Closed at 19:48 · 18t walls · 1 gate(s)
noah23's base· ✓ Closed at 20:26 · 21t walls · 1 gate(s)
Smoothed initial terrain · ◌ = detected wall gap · hover for details
Inputs per minute
— Pathing - - noah23
Build order — Pathing
First 150 of 576 actions detected
| 0:00 | Queue | Villager (Male) |
| 0:00 | Queue | Villager (Male) |
| 0:01 | Build | House |
| 0:02 | Build | House |
| 0:13 | Queue | Villager (Male) |
| 0:13 | Queue | Villager (Male) |
| 0:13 | Queue | Villager (Male) |
| 1:25 | Queue | Villager (Male) |
| 1:25 | Queue | Villager (Male) |
| 1:55 | Build | Lumber Camp |
| 2:00 | Queue | Villager (Male) |
| 2:00 | Queue | Villager (Male) |
| 2:19 | Queue | Villager (Male) |
| 2:19 | Queue | Villager (Male) |
| 2:40 | Queue | Villager (Male) |
| 2:40 | Queue | Villager (Male) |
| 2:41 | Queue | Villager (Male) |
| 3:01 | Build | House |
| 3:06 | Queue | Villager (Male) |
| 3:31 | Queue | Villager (Male) |
| 3:57 | Queue | Villager (Male) |
| 3:57 | Queue | Villager (Male) |
| 3:58 | Queue | Villager (Male) |
| 4:23 | Queue | Villager (Male) |
| 4:23 | Queue | Villager (Male) |
| 4:23 | Queue | Villager (Male) |
| 5:04 | Queue | Villager (Male) |
| 5:17 | Queue | Villager (Male) |
| 5:19 | Research | Loom |
| 5:31 | Build | Barracks |
| 5:53 | Build | House |
| 5:53 | Build | House |
| 6:04 | Build | House |
| 6:37 | Research | Feudal Age |
| 6:48 | Queue | Militia |
| 6:49 | Queue | Militia |
| 6:49 | Queue | Militia |
| 7:06 | Queue | Militia |
| 7:21 | Build | Palisade Wall |
| 7:21 | Build | Palisade Wall |
| 7:22 | Build | Palisade Wall |
| 7:26 | Queue | Militia |
| 8:01 | Queue | Villager (Male) |
| 8:10 | Build | Mining Camp |
| 8:47 | Age | Feudal Age |
| 8:52 | Build | Archery Range |
| 8:56 | Queue | Villager (Male) |
| 9:07 | Research | Double-Bit Axe |
| 9:07 | Research | Double-Bit Axe |
| 9:08 | Research | Double-Bit Axe |
| 9:23 | Queue | Villager (Male) |
| 9:36 | Build | House |
| 9:43 | Queue | Villager (Male) |
| 9:50 | Queue | Archer |
| 9:50 | Queue | Archer |
| 10:08 | Build | House |
| 10:14 | Queue | Villager (Male) |
| 10:23 | Build | Mill |
| 10:45 | Queue | Villager (Male) |
| 10:50 | Build | Palisade Wall |
| 10:51 | Build | Palisade Wall |
| 11:03 | Build | Farm |
| 11:05 | Queue | Villager (Male) |
| 11:05 | Queue | Villager (Male) |
| 11:07 | Queue | Archer |
| 11:21 | Build | Farm |
| 11:24 | Build | Farm |
| 11:25 | Queue | Archer |
| 11:31 | Build | House |
| 11:36 | Build | Palisade Wall |
| 11:38 | Queue | Villager (Male) |
| 12:05 | Queue | Villager (Male) |
| 12:08 | Queue | Archer |
| 12:16 | Build | Blacksmith |
| 12:25 | Build | Farm |
| 12:28 | Queue | Archer |
| 12:33 | Queue | Villager (Male) |
| 12:35 | Queue | Villager (Male) |
| 12:45 | Build | Palisade Wall |
| 12:45 | Build | Palisade Wall |
| 12:55 | Build | House |
| 13:12 | Queue | Archer |
| 13:18 | Research | Fletching |
| 13:19 | Queue | Villager (Male) |
| 13:20 | Build | House |
| 13:28 | Build | Farm |
| 13:35 | Queue | Archer |
| 13:37 | Queue | Villager (Male) |
| 13:43 | Build | Farm |
| 13:49 | Build | House |
| 13:53 | Queue | Archer |
| 13:55 | Queue | Villager (Male) |
| 13:57 | Build | Farm |
| 14:22 | Queue | Villager (Male) |
| 14:24 | Queue | Archer |
| 14:41 | Queue | Villager (Male) |
| 14:44 | Build | House |
| 14:48 | Build | Farm |
| 14:49 | Build | Farm |
| 14:51 | Build | Farm |
| 14:52 | Build | Farm |
| 15:00 | Build | Farm |
| 15:06 | Queue | Archer |
| 15:09 | Queue | Villager (Male) |
| 15:12 | Build | Farm |
| 15:15 | Build | Farm |
| 15:18 | Build | Farm |
| 15:23 | Queue | Villager (Male) |
| 15:36 | Queue | Villager (Male) |
| 15:51 | Queue | Villager (Male) |
| 16:12 | Build | House |
| 16:13 | Build | House |
| 16:19 | Queue | Archer |
| 16:32 | Build | Archery Range |
| 16:52 | Build | Lumber Camp |
| 17:08 | Research | Castle Age |
| 17:08 | Research | Castle Age |
| 17:09 | Queue | Archer |
| 17:13 | Build | Lumber Camp |
| 17:30 | Build | Stable |
| 17:34 | Build | Stable |
| 17:35 | Queue | Archer |
| 17:46 | Queue | Villager (Male) |
| 17:47 | Queue | Archer |
| 17:57 | Build | House |
| 17:57 | Build | House |
| 18:04 | Build | Farm |
| 18:10 | Build | Farm |
| 18:21 | Research | Horse Collar |
| 18:21 | Research | Horse Collar |
| 18:25 | Queue | Archer |
| 18:36 | Queue | Scout Cavalry |
| 18:36 | Queue | Scout Cavalry |
| 18:42 | Build | House |
| 18:49 | Build | Farm |
| 19:16 | Build | Palisade Gate |
| 19:48 | Age | Castle Age |
| 19:51 | Research | Crossbowman (upgrade) |
| 19:52 | Research | Bodkin Arrow |
| 19:53 | Queue | Knight |
| 19:53 | Queue | Knight |
| 19:55 | Build | House |
| 19:59 | Queue | Archer |
| 20:05 | Build | Town Center |
| 20:07 | Build | Farm |
| 20:14 | Queue | Villager (Male) |
| 20:15 | Queue | Archer |
| 20:29 | Build | Farm |
| 20:33 | Queue | Villager (Male) |
| 20:53 | Queue | Archer |
Build order — noah23
First 150 of 595 actions detected
| 0:01 | Research | Loom |
| 0:03 | Build | House |
| 0:04 | Build | House |
| 0:10 | Queue | Villager (Male) |
| 0:11 | Queue | Villager (Male) |
| 0:14 | Queue | Villager (Male) |
| 1:25 | Queue | Villager (Male) |
| 1:59 | Queue | Villager (Male) |
| 2:03 | Queue | Villager (Male) |
| 2:04 | Queue | Villager (Male) |
| 2:05 | Build | Lumber Camp |
| 2:50 | Queue | Villager (Male) |
| 2:55 | Build | House |
| 2:57 | Build | House |
| 3:06 | Queue | Villager (Male) |
| 3:39 | Queue | Villager (Male) |
| 3:39 | Queue | Villager (Male) |
| 4:03 | Queue | Villager (Male) |
| 4:23 | Queue | Villager (Male) |
| 4:53 | Queue | Villager (Male) |
| 5:06 | Queue | Villager (Male) |
| 5:10 | Queue | Villager (Male) |
| 5:16 | Queue | Villager (Male) |
| 5:21 | Queue | Villager (Male) |
| 5:36 | Build | Barracks |
| 6:02 | Build | House |
| 6:27 | Queue | Villager (Male) |
| 6:32 | Queue | Villager (Male) |
| 6:44 | Queue | Militia |
| 6:44 | Queue | Militia |
| 6:49 | Build | Mining Camp |
| 6:51 | Queue | Villager (Male) |
| 7:20 | Queue | Villager (Male) |
| 7:32 | Queue | Militia |
| 7:49 | Build | Mill |
| 8:15 | Queue | Villager (Male) |
| 8:40 | Queue | Villager (Male) |
| 8:42 | Queue | Villager (Male) |
| 8:56 | Build | House |
| 8:57 | Build | House |
| 9:07 | Research | Feudal Age |
| 9:10 | Build | House |
| 9:10 | Build | House |
| 9:11 | Build | House |
| 9:14 | Build | House |
| 9:15 | Build | House |
| 9:17 | Build | Palisade Wall |
| 9:27 | Build | Palisade Wall |
| 9:32 | Build | Palisade Wall |
| 10:09 | Queue | Villager (Male) |
| 10:25 | Build | Lumber Camp |
| 10:55 | Queue | Villager (Male) |
| 11:19 | Queue | Villager (Male) |
| 11:21 | Age | Feudal Age |
| 11:27 | Build | Archery Range |
| 11:39 | Research | Double-Bit Axe |
| 11:44 | Build | Farm |
| 11:49 | Queue | Villager (Male) |
| 11:52 | Queue | Eagle Scout |
| 12:08 | Build | Farm |
| 12:13 | Queue | Eagle Scout |
| 12:21 | Queue | Skirmisher |
| 12:29 | Build | Farm |
| 12:31 | Queue | Villager (Male) |
| 12:48 | Queue | Skirmisher |
| 12:49 | Queue | Villager (Male) |
| 12:51 | Build | Farm |
| 13:07 | Queue | Villager (Male) |
| 13:10 | Queue | Villager (Male) |
| 13:11 | Queue | Skirmisher |
| 13:13 | Queue | Skirmisher |
| 13:24 | Build | Farm |
| 13:25 | Build | Farm |
| 13:27 | Build | Farm |
| 13:30 | Queue | Skirmisher |
| 13:45 | Build | Farm |
| 13:57 | Build | House |
| 14:08 | Queue | Villager (Male) |
| 14:09 | Queue | Villager (Male) |
| 14:14 | Build | Blacksmith |
| 14:18 | Queue | Skirmisher |
| 14:18 | Queue | Skirmisher |
| 14:37 | Queue | Villager (Male) |
| 14:49 | Build | Farm |
| 14:50 | Build | Farm |
| 14:59 | Queue | Villager (Male) |
| 15:04 | Build | Farm |
| 15:05 | Build | Farm |
| 15:10 | Build | Farm |
| 15:14 | Queue | Archer |
| 15:14 | Queue | Archer |
| 15:31 | Build | Farm |
| 15:33 | Queue | Archer |
| 15:42 | Queue | Archer |
| 15:48 | Queue | Villager (Male) |
| 15:52 | Queue | Villager (Male) |
| 16:13 | Build | Archery Range |
| 16:24 | Build | Palisade Wall |
| 16:29 | Queue | Villager (Male) |
| 16:31 | Build | Farm |
| 16:51 | Queue | Archer |
| 16:52 | Queue | Archer |
| 16:52 | Queue | Villager (Male) |
| 16:54 | Build | Palisade Wall |
| 16:57 | Build | Farm |
| 17:00 | Queue | Archer |
| 17:07 | Build | Farm |
| 17:15 | Queue | Villager (Male) |
| 17:17 | Queue | Archer |
| 17:17 | Queue | Archer |
| 17:30 | Queue | Archer |
| 17:31 | Queue | Archer |
| 17:39 | Build | Palisade Gate |
| 17:41 | Build | House |
| 17:43 | Build | Palisade Wall |
| 17:46 | Research | Castle Age |
| 18:10 | Queue | Archer |
| 18:10 | Queue | Archer |
| 18:14 | Research | Gold Mining |
| 18:32 | Queue | Archer |
| 18:32 | Queue | Archer |
| 18:39 | Research | Fletching |
| 18:39 | Research | Fletching |
| 18:50 | Queue | Archer |
| 19:11 | Queue | Archer |
| 19:12 | Queue | Archer |
| 19:24 | Queue | Archer |
| 19:31 | Queue | Archer |
| 19:34 | Research | Padded Archer Armor |
| 19:39 | Queue | Villager (Male) |
| 19:52 | Queue | Archer |
| 20:26 | Age | Castle Age |
| 20:28 | Build | Siege Workshop |
| 20:29 | Research | Crossbowman (upgrade) |
| 20:30 | Research | Bodkin Arrow |
| 20:30 | Research | Bodkin Arrow |
| 20:40 | Queue | Villager (Male) |
| 20:44 | Queue | Villager (Male) |
| 20:46 | Build | Town Center |
| 20:48 | Queue | Villager (Male) |
| 20:51 | Queue | Archer |
| 20:51 | Queue | Archer |
| 21:05 | Queue | Mangonel |
| 21:05 | Queue | Mangonel |
| 21:07 | Queue | Villager (Male) |
| 21:10 | Queue | Villager (Male) |
| 21:18 | Research | Bow Saw |
| 21:18 | Research | Bow Saw |
| 21:22 | Build | Market |
| 21:26 | Queue | Villager (Male) |
Match timeline
| 5:31 | Pathing · first_building Barracks |
| 5:36 | noah23 · first_building Barracks |
| 7:21 | Pathing · wall_segment Palisade Wall x1 |
| 7:21 | Pathing · wall_segment Palisade Wall x1 |
| 7:22 | Pathing · wall_segment Palisade Wall x2 |
| 8:47 | Pathing · age_up feudal |
| 8:52 | Pathing · first_building Archery Range |
| 9:17 | noah23 · wall_segment Palisade Wall x1 |
| 9:27 | noah23 · wall_segment Palisade Wall x13 |
| 9:32 | noah23 · wall_segment Palisade Wall x4 |
| 10:50 | Pathing · wall_segment Palisade Wall x1 |
| 10:51 | Pathing · wall_segment Palisade Wall x6 |
| 11:21 | noah23 · age_up feudal |
| 11:27 | noah23 · first_building Archery Range |
| 11:36 | Pathing · wall_segment Palisade Wall x4 |
| 12:45 | Pathing · wall_segment Palisade Wall x3 |
| 12:45 | Pathing · wall_segment Palisade Wall x1 |
| 16:24 | noah23 · wall_segment Palisade Wall x1 |
| 16:54 | noah23 · wall_segment Palisade Wall x1 |
| 17:30 | Pathing · first_building Stable |
| 17:43 | noah23 · wall_segment Palisade Wall x1 |
| 19:48 | Pathing · age_up castle |
| 20:26 | noah23 · age_up castle |
| 20:28 | noah23 · first_building Siege Workshop |
| 22:05 | noah23 · wall_segment Stone Wall x6 |
| 26:16 | noah23 · first_building Monastery |
| 27:11 | Pathing · first_building Siege Workshop |
| 27:21 | noah23 · first_market_sell 100 wood |
| 29:18 | noah23 · first_building Castle |
| 30:19 | noah23 · wall_segment Stone Wall x6 |
| 30:21 | noah23 · wall_segment Stone Wall x3 |
| 30:27 | noah23 · wall_segment Stone Wall x1 |
| 31:43 | noah23 · first_market_buy 100 food |
| 32:59 | noah23 · wall_segment Stone Wall x2 |
| 33:51 | Pathing · first_building Castle |
| 35:37 | noah23 · age_up imperial |
| 36:24 | Pathing · first_market_buy 100 wood |
| 38:08 | Pathing · age_up imperial |
| 42:00 | Pathing · first_market_sell 100 food |
| 48:26 | Pathing · resign |
[ AI ANALYSIS · 1 CREDIT ]
What really happened in this match?
Wolo.gg analyzes every decision: build order, eco, micro, common mistakes by bracket. Personalized analysis on WhatsApp or Discord in 30 seconds.
Civ guide
Portuguese
Perfil
Jugador #2573480